 Dungeon Crawl Stone Soup version 0.18.1-48-g4cf74bf (webtiles) character file.

2786 Skwishie the Gouger (level 9, 0/43 HPs)
             Began as a Felid Monk on Sept 9, 2016.
             Shot with a bolt by an orc (9 damage)
             ... in a bailey.
             The game lasted 00:42:24 (11647 turns).

Skwishie the Gouger (Felid Monk)                   Turns: 11647, Time: 00:42:24

Health: 0/43       AC:  2    Str:  7    XL:     9   Next: 43%
Magic:  10/10      EV: 31    Int: 11    God:
Gold:   357        SH:  0    Dex: 22    Spells: 0 memorised, 8 levels left
                                        Lives:  0   Deaths: 2

rFire  + . .     SeeInvis +       - Unarmed
rCold  . . .     Gourm    .     (armour unavailable)
rNeg   . . .     Faith    .     (shield unavailable)
rPois  .         Spirit   .     (helmet unavailable)
rElec  .         Dismiss  .     (cloak unavailable)
rCorr  .         Reflect  .     (gloves unavailable)
SustAt .         Harm     .     (boots unavailable)
MR     +....                    (no amulet)
Stlth  +++.......               u - +3 ring of evasion
                                h - ring of protection from fire

@: quick, somewhat resistant to hostile enchantments, fairly stealthy
A: no armour, no weapons or thrown items, claws 1, fangs 3, see invisible,
carnivore 3, speed 1, shaggy fur 2, slow metabolism 1, sharp paws
a: no special abilities


You were in a bailey.
You were very full.

You visited 1 branch of the dungeon, and saw 9 of its levels.
You also visited: Sewer and Bailey.

You collected 357 gold pieces.

Inventory:

Jewellery
 h - a ring of protection from fire (left paw)
 u - a +3 ring of evasion (right paw)
Wands
 m - a wand of polymorph (19/24)
Scrolls
 b - 5 scrolls of teleportation
 k - 5 scrolls of remove curse
 x - a scroll of fog
Potions
 d - 3 potions of flight
 e - a potion of heal wounds
 f - 4 potions of curing
 i - 2 potions of ambrosia {unknown}
 j - 2 potions of beneficial mutation {unknown}
 l - a potion of agility {unknown}
 n - 2 potions of might
 o - a potion of mutation {unknown}
 p - 2 potions of cure mutation {unknown}
 q - a potion of berserk rage {unknown}
 r - a potion of degeneration {unknown}
 t - a potion of cancellation {unknown}
 w - a potion of lignification {unknown}
Books
 g - a book of the Tempests

   Spells                             Type                      Level
   a - Static Discharge               Conjuration/Air              3
   b - Lightning Bolt                 Conjuration/Air              5
   c - Fireball                       Conjuration/Fire             5
   d - Tornado                        Air                          9
   e - Shatter                        Earth                        9
 v - a book of Cantrips

   Spells                             Type                      Level
   a - Corona                         Hexes                        1
   b - Animate Skeleton               Necromancy                   1
   c - Summon Small Mammal            Summoning                    1
   d - Apportation                    Translocation                1
Comestibles
 a - 4 meat rations
 c - a royal jelly
 s - 3 beef jerkies
 z - 3 chunks of flesh


   Skills:
 + Level 7.5 Fighting
 + Level 9.8 Dodging
 - Level 2.6 Stealth
 - Level 11.0 Unarmed Combat


You had 8 spell levels left.
You didn't know any spells.

Dungeon Overview and Level Annotations

Branches:
Dungeon (9/15)             Temple (0/1) D:7
   Lair: D:8-11         Orc: D:9-12

Altars:
Ashenzari
Cheibriados
Elyvilon
Makhleb
Nemelex Xobeh
Okawaru
Qazlal
Sif Muna
Trog
Xom
Zin
The Shining One

Shops:
D:7 (   D:8 (

Annotations:
D:5 TenguReborn's ghost, novice TeWn
D:6 exclusion: oklob plant
D:8 Erolcha


Innate Abilities, Weirdness & Mutations

You cannot wear armour.
You are incapable of wielding weapons or throwing items.
You have sharp claws.
You have razor-sharp teeth.
You have supernaturally acute eyesight.
You are carnivorous and can eat meat at any time.
You cover ground quickly.
You are covered in thick fur (AC +2).
You have a slow metabolism.
Your sharp claws are effective at attacking unaware monsters.


Message History

The orc warrior barely misses you.
You scratch the orc warrior but do no damage.
The orc warrior is severely wounded.
The orc shoots a bolt.
The bolt completely misses you.
The orc shoots a bolt.
The bolt closely misses you. The orc warrior hits you!
* * * LOW HITPOINT WARNING * * *
You are too injured to fight recklessly!
You are too injured to fight recklessly!
You are too injured to fight recklessly!
You are too injured to fight recklessly!
You are too injured to fight recklessly!
The orc warrior shouts!
You scratch the orc warrior.
The orc warrior is almost dead.
The orc warrior completely misses you.
The orc shoots a bolt.
The bolt completely misses you.
You claw the orc warrior!
You kill the orc warrior!
The orc shoots a bolt.
The bolt hits you!
You die...

≈≈≈≈≈.......#
............#
......(...(.#
......./....#
.........(..#
............#
..........(..#
.............#
#............@#
............).#
##....o.o.....o.#
##...............#
#....≈≈≈≈≈.......#
(...≈≈#.#≈≈......#
....≈## ##≈o.....#
....≈..^ .≈......#
....≈##.#


You could see an orc warrior and 2 orcs.

Vanquished Creatures
  A two-headed ogre (D:9)
  A steam dragon (D:7)
  A water moccasin (D:6)
  An orc warrior (Bailey)
  A sky beast (D:7)
  An ice beast (D:6)
  2 black bears
  2 phantoms
  3 ogres
  2 centaurs
  Blork the orc (D:4)
  6 giant frogs
  A water moccasin zombie (D:8)
  A scorpion (D:4)
  2 killer bees (D:7)
  2 howler monkeys (D:6)
  A crimson imp (D:5)
  2 centaur skeletons
  3 giant frog zombies
  4 jellies (D:6)
  5 hounds
  2 orc priests
  2 giant frog skeletons
  An iguana (D:7)
  8 orc wizards
  6 worker ants
  A sheep (Bailey)
  A hound zombie (D:5)
  3 hound skeletons
  A worker ant zombie (D:7)
  Robin (D:2)
  A howler monkey skeleton (D:5)
  8 adders
  A river rat (D:6)
  A shadow imp (D:7)
  13 oozes
  7 worms
  3 dart slugs
  17 giant geckos
  34 orcs
  9 giant cockroaches
  14 goblins
  11 hobgoblins
  2 jackals (D:2)
  4 quokkas
  10 ball pythons
  6 bats
  A giant gecko zombie (D:6)
  11 giant newts
  A kobold (D:3)
  A quokka zombie (D:5)
  5 rats
229 creatures vanquished.

Notes
Turn   | Place    | Note
--------------------------------------------------------------
     0 | D:1      | Skwishie the Felid Monk began the quest for the Orb.
     0 | D:1      | Reached XP level 1. HP: 10/10 MP: 2/2
   323 | D:1      | Reached XP level 2. HP: 7/14 MP: 3/3
  1080 | D:2      | Reached skill level 5 in Unarmed Combat
  1080 | D:2      | Reached XP level 3. HP: 17/17 MP: 4/4
  1415 | D:2      | Noticed Robin
  2063 | D:2      | Reached XP level 4. HP: 15/21 MP: 5/5
  2200 | D:2      | Killed Robin
  2562 | D:2      | Reached skill level 6 in Unarmed Combat
  2568 | D:2      | Found an iron altar of Okawaru.
  3342 | D:4      | Noticed Blork the orc
  3410 | D:4      | Reached XP level 5. HP: 13/24 MP: 6/6
  3685 | D:4      | Reached skill level 7 in Unarmed Combat
  3733 | D:4      | Found a bloodstained altar of Trog.
  3784 | D:4      | Gained mutation: You are covered in thick fur (AC +2). [Felid growth]
  3784 | D:4      | Reached XP level 6. HP: 24/28 MP: 7/7
  3959 | D:4      | Found a snail-covered altar of Cheibriados.
  4566 | D:4      | Found a burning altar of Makhleb.
  4566 | D:4      | Found a shattered altar of Ashenzari.
  4570 | D:4      | Found a shimmering altar of Xom.
  4572 | D:4      | Found a sparkling altar of Nemelex Xobeh.
  4659 | D:4      | Reached skill level 8 in Unarmed Combat
  4720 | D:4      | Killed Blork the orc
  4945 | D:5      | Entered Level 5 of the Dungeon
  4958 | D:4      | Reached XP level 7. HP: 21/31 MP: 8/8
  5203 | D:5      | Reached skill level 9 in Unarmed Combat
  5927 | D:5      | Noticed TenguReborn's ghost (novice TeWn)
  6694 | D:6      | Found a glowing drain.
  6717 | D:6      | Slain by an orc wizard
  6718 | D:6      | Reached XP level 6. HP: -1/28 MP: 7/7
  6732 | D:6      | Noticed an oklob plant
  6758 | D:6      | Reached skill level 10 in Unarmed Combat
  6758 | D:6      | Reached XP level 7. HP: 28/31 MP: 8/8
  6794 | D:6      | Found a stormy altar of Qazlal.
  6858 | Sewer    | Entered a sewer
  7564 | Sewer    | Slain by a giant frog
  7565 | Sewer    | Reached XP level 6. HP: -1/28 MP: 7/7
  7611 | Sewer    | Reached skill level 11 in Unarmed Combat
  7940 | D:6      | Reached XP level 7. HP: 31/31 MP: 8/8
  8064 | D:6      | Found a deep blue altar of Sif Muna.
  8303 | D:6      | Reached skill level 5 in Dodging
  8805 | D:6      | Found a stormy altar of Qazlal.
  8983 | D:6      | Reached XP level 8. HP: 32/36 MP: 9/9
  9229 | D:7      | Found Xojeji Legu's Weapon Emporium.
  9324 | D:7      | Reached skill level 5 in Fighting
  9585 | D:8      | Found Xor Oza's Weapon Shop.
  9625 | D:8      | Noticed Erolcha
 10184 | D:7      | Found a staircase to the Ecumenical Temple.
 10483 | D:7      | Found a glowing golden altar of the Shining One.
 10484 | D:7      | Found a white marble altar of Elyvilon.
 10486 | D:7      | Found a glowing silver altar of Zin.
 10512 | D:7      | Reached XP level 9. HP: 39/42 MP: 10/10
 10886 | D:9      | Found a flagged portal.
 11208 | Bailey   | Entered a bailey
 11647 | Bailey   | Shot with a bolt by an orc

Skill      XL: |  1  2  3  4  5  6  7  8  9 |
---------------+----------------------------+-----
Unarmed Combat | 5 6 7 11 9 | 11.0
Dodging        | 6 8 9 |  9.8
Fighting       | 4 6 7 |  7.5
Stealth        | |  2.6

Action                   |  1- 3 |  4- 6 |  7- 9 || total
-------------------------+-------+-------+-------++-------
Melee: Unarmed           |    97 |   179 |   497 ||   773
       Bite              |     6 |    19 |    47 ||    72
       Punch             |       |    12 |    18 ||    30
Evoke: Wand              |       |       |     2 ||     2
  Use: Scroll            |       |    11 |     8 ||    19
       Potion            |       |     1 |     4 ||     5
 Stab: Sleeping          |    13 |     9 |    14 ||    36
       Distracted        |     1 |     1 |     1 ||     3
  Eat: Chunk             |    10 |    11 |    16 ||    37
Armor: Skin              |     4 |     5 |    23 ||    32
Dodge: Dodged            |    52 |   125 |   438 ||   615
